Map: Prion Terraces

Players

lesha

  • Race: Terran Terran
  • League: Silver

camenbert - Winner!

  • Race: Zerg Zerg
  • League: Bronze

VOD

Have the link to the VOD?

Description

Time

  • Played on: Dec. 19, 2015, 9:53 a.m.
  • Length: 5:57
Show
View Real Time Build Order
Export as new Build Order

lesha Terran 

Build Orders:  

Get SALT Encoding   

  12  0:01  SCV  
  13  0:13  SCV  
  14  0:18  Supply Depot  
  14  0:25  SCV  
  15  0:40  SCV  
  15  0:42  Barracks  
  16  0:48  Refinery  
  16  0:52  SCV  
  17  1:04  SCV  
  18  1:16  SCV  
  19  1:28  SCV  
  20  1:35  Reaper  
  21  1:41  Command Center  
  21  1:44  Orbital Command  
  21  1:54  Refinery  
  21  2:07  Marine  
  22  2:12  SCV  
  23  2:20  Factory  
  23  2:37  Supply Depot  
  23  2:44  Barracks Reactor  
  23  2:52  SCV  
  24  3:02  Orbital Command  
  24  3:04  SCV  
  25  3:08  Starport  
  24  3:16  SCV  
  25  3:22  Bunker  
  25  3:27  Factory Tech Lab  
  25  3:29  SCV  
  25  3:31  SCV  
  27  3:39  Marine  
  27  3:41  SCV  
  28  3:44  SCV  
  27  3:59  Medivac  
  29  4:07  Barracks  
  29  4:09  SCV x2, Barracks  
  31  4:12  Barracks  
  31  4:19  Supply Depot  
  31  4:20  Supply Depot  
  31  4:21  SCV x2  
  31  4:22  Supply Depot  
  33  4:29  Liberator, Engineering Bay, Marine  
  33  4:30  Marine  
  35  4:31  Engineering Bay  
  35  4:33  SCV x2  
  37  4:42  Siege Tank  
  40  4:46  Supply Depot  
  40  4:52  SCV x2  
  45  5:04  SCV x2  
  45  5:05  Marine  
  45  5:06  Marine x3  
  41  5:16  SCV  
Show
View Real Time Build Order
Export as new Build Order

camenbert Zerg - Winner!

Build Orders: Hatch First 

Get SALT Encoding   

  12  0:05  Drone  
  13  0:09  Drone  
  14  0:18  Drone, Extractor  
  15  0:45  Hatchery  
  14  0:50  Extractor  
  14  0:52  Drone x2, Extractor  
  16  1:04  Spawning Pool  
  16  1:10  Overlord  
  15  1:24  Extractor  
  14  1:30  Drone x3  
  17  1:45  Drone  
  18  1:53  Drone  
  18  1:54  Queen  
  19  1:57  Queen  
  19  1:58  Drone  
  24  2:07  Zergling x2  
  25  2:09  Drone  
  27  2:15  Drone  
  27  2:20  Overlord  
  27  2:30  Drone  
  28  2:38  Overlord  
  28  2:57  Hatchery  
  28  2:58  Drone x4  
  31  3:11  Drone  
  31  3:12  Drone x4  
  36  3:13  Drone x2  
  38  3:26  Metabolic Boost  
  38  3:27  Drone  
  38  3:28  Drone x2  
  41  3:45  Zergling x2  
  41  3:46  Zergling x4  
  41  3:48  Overlord x2  
  43  3:56  Overlord  
  43  4:05  Zergling x2  
  43  4:08  Zergling x8  
  48  4:11  Zergling x2  
  49  4:20  Lair  
  49  4:23  Drone  
  49  4:24  Drone x3  
  52  4:26  Extractor  
  52  4:30  Roach Warren  
  51  4:34  Drone x3  
  51  4:35  Drone x4  
  58  4:44  Drone x4  
  62  4:48  Extractor  
  61  4:55  Extractor  
  61  4:57  Extractor  
  58  5:01  Zergling x2  
  58  5:02  Zergling x6  
  61  5:07  Zergling x8  
  61  5:08  Zergling x6  
  68  5:35  Zergling x8  
  70  5:36  Zergling x6  
Tags
 
Add a new tag
Caveats
  • Supply blocks, unpowered buildings, or Contaminate may cause inaccurate times.
  • Supply counts are checked every 10 seconds.